 Dungeon Crawl Stone Soup version 0.27-a0-1147-gb3d8e82157 (webtiles) character file.

Game seed: 15128251097774047481

1157 Shayle the Frost Mage (level 8, 0/41 HPs)
             Began as a Gargoyle Ice Elementalist on May 11, 2021.
             Was a Follower of Vehumet.
             Slain by an ufetubus (4 damage)
             ... on level 8 of the Dungeon.
             The game lasted 00:15:33 (6589 turns).

Shayle the Frost Mage (Gargoyle Ice Elementalist)   Turns: 6589, Time: 00:15:34

Health: 0/41       AC: 13    Str: 13    XL:     8   Next: 39%
Magic:  8/11       EV: 11    Int: 17    God:    Vehumet [*.....]
Gold:   279        SH:  0    Dex: 10    Spells: 7/11 levels left

rFire    . . .     SeeInvis .   c - +3 whip (drain)
rCold    . . .     Faith    .   (no shield)
rNeg     + . .     Spirit   .   a - +0 robe
rPois    ∞         Reflect  .   (no helmet)
rElec    +         Harm     .   h - +2 cloak {rPois}
rCorr    +         Rampage  .   v - +0 pair of gloves
Will     .....                  t - +0 pair of boots
Stlth    ++........             (no amulet)
HPRegen  0.13/turn              f - ring of resist corrosion
MPRegen  0.12/turn              (no ring)

@: freezing walls, studying Maces & Flails
A: sickness immunity, AC +5, negative energy resistance 1, electricity
resistance, torment resistance 1, petrification resistance
a: Renounce Religion


You were on level 8 of the Dungeon.
You worshipped Vehumet.
Vehumet was aware of your devotion.
You visited 1 branch of the dungeon, and saw 8 of its levels.

You collected 279 gold pieces.

Inventory:

Hand Weapons
 b - a +0 dagger
 c - a +3 whip of draining (weapon)
 k - a +3 dagger
Armour
 a - a +0 robe (worn)
 h - a +2 cloak of poison resistance (worn)
 t - a +0 pair of boots (worn)
 v - a +0 pair of gloves (worn)
Jewellery
 f - a ring of resist corrosion (left hand)
Wands
 r - a wand of flame (12)
Scrolls
 i - 2 scrolls of noise
 j - a scroll of blinking
 n - 4 scrolls of immolation
Potions
 d - a potion of heal wounds {unknown}
 e - 2 potions of might
 g - a potion of cancellation
 l - a potion of berserk rage
 m - 2 potions of degeneration
 o - a potion of mutation {unknown}
 p - a potion of curing
 q - a potion of brilliance
 s - a potion of flight
 u - a potion of haste {unknown}
 w - a potion of attraction {unknown}


   Skills:
 + Level 6.0 Armour
 - Level 1.5 Dodging
 - Level 2.1 Stealth
 - Level 2.0 Spellcasting
 + Level 8.9 Ice Magic


You had 7 spell levels left.
You knew the following spells:

 Your Spells              Type           Power      Damage    Failure   Level
a - Freeze                Ice            100%       1d11      1%          1
b - Frozen Ramparts       Ice            64%        1d8       1%          3

Your spell library contained the following spells:

 Spells                   Type           Power      Damage    Failure   Level
 Sandblast                Erth           2%         2d4       19%         1
 Ozocubu's Armour         Ice            32%        N/A       1%          3
 Hailstorm                Conj/Ice       16%        3d6       30%         4
 Metabolic Englaciation   Hex/Ice        8%         N/A       65%         5


Dungeon Overview and Level Annotations

Branches:
Dungeon (7/15)
 Temple: D:4-7

Altars:
Ashenzari
Gozag
Hepliaklqana
Vehumet
Wu Jian
Yredelemnul

Shops:
D:4 *

Annotations:
D:3 3 runed translucent doors, shoop's ghost, amateur OgAM
D:6 6 runed translucent doors, Eustachio; MisterAzrael's ghost, novice OgHu; pigah's ghost, novice OpWn


Innate Abilities, Weirdness & Mutations

You are immune to sickness and miasma.
Your stone body is resilient. (AC +5)
You are immune to poison.
You resist negative energy. (rN+)
You are resistant to electric shocks. (rElec)
You are resistant to unholy torment.
You are immune to petrification.


Message History

Press: ? - help, Dir - move target, f - you
Okay, then.
The hound barks!
The hound pauses to sniff the ground.
The wight hits you with a +0 falchion. The jelly barely misses you.
Found a stone staircase leading down.
The wight closely misses you. The jelly hits you.
* * * LOW HITPOINT WARNING * * *
You are splashed with acid.
You resist.
* * * LOW HITPOINT WARNING * * *
The bullfrog hits you.
* * * LOW HITPOINT WARNING * * *
You fall into a shaft and drop 1 floor!
The shaft crumbles and collapses.
Found a scroll labelled UDICZU ICKOTZ and a ring mail. 2 ice beasts, an ufetubus and a simulacrum come into view.
The ufetubus shouts!
Blink to where?
Press: ? - help, Dir - move target
As you read the scroll of blinking, it crumbles to dust.
Found a robe.
You see here a +0 robe.
Casting: Frozen Ramparts (safe; 1% risk of failure)
Confirm with . or Enter, or press ? or * to list all spells.
Casting: Frozen Ramparts (safe; 1% risk of failure)
Press: ? - help, Dir - look around, f - activate The walls around you are covered in ice.
The ufetubus resists.
The wall freezes the ufetubus.
The ufetubus resists.
The wall freezes the ufetubus.
The ufetubus hits you but does no damage.
The ufetubus hits you.
* * * LOW HITPOINT WARNING * * *
You barely miss the ufetubus.
The ufetubus is heavily wounded.
The ufetubus resists.
The wall freezes the ufetubus.
The ufetubus barely misses you.
The ufetubus hits you but does no damage.
The ufetubus resists.
The wall freezes the ufetubus.
The ufetubus barely misses you. The ufetubus hits you.
You die...

##################
#...5.....?....§..
#.###########.....
#5# ≈≈≈≈..... #@#
###≈≈≈≈≈. #.#
#..≈≈≈≈ ..#
##..[.. ####
#...≈. #.....


You could see an ufetubus.

Vanquished Creatures
  A black bear (D:6)
  A centaur (D:5)
  2 phantoms
  2 scorpions (D:4)
  A water moccasin skeleton (D:4)
  A killer bee (D:5)
  A howler monkey (D:5)
  A centaur zombie (D:5)
  3 bullfrog zombies
  A jelly (D:2)
  A bullfrog skeleton (D:5)
  A gnoll shaman (D:5)
  2 hounds
  5 iguanas (D:5)
  Jessica (D:2)
  A killer bee zombie (D:6)
  5 adders
  A white imp (D:5)
  2 dart slugs (D:1)
  7 orcs
  7 endoplasms
  4 giant cockroaches
  10 goblins
  3 hobgoblins
  12 jackals
  A quokka (D:1)
  2 ball pythons (D:1)
  6 bats
  2 frilled lizards
  5 kobolds
  4 rats
  A spectral goblin (D:4)
97 creatures vanquished.

Notes
Turn   | Place    | Note
-------+----------+-------------------------------------------
     0 | D:1      | Shayle the Gargoyle Ice Elementalist began the quest for
                  | the Orb.
     0 | D:1      | Reached XP level 1. HP: 10/10 MP: 3/3
   129 | D:1      | Reached XP level 2. HP: 11/15 MP: 0/5
   948 | D:1      | Reached XP level 3. HP: 19/19 MP: 4/6
  1276 | D:1      | Reached skill level 5 in Ice Magic
  1425 | D:2      | Reached XP level 4. HP: 24/24 MP: 0/7
  1515 | D:2      | Learned a level 3 spell: Frozen Ramparts
  1814 | D:2      | Noticed Jessica
  1853 | D:2      | Killed Jessica
  1854 | D:2      | Reached skill level 6 in Ice Magic
  2398 | D:3      | Found a faded altar of an unknown god.
  2459 | D:3      | Reached XP level 5. HP: 28/28 MP: 5/8
  2527 | D:3      | Found a runed translucent gate.
  2527 | D:3      | Found a runed translucent gate.
  2529 | D:3      | Found a runed translucent gate.
  2531 | D:3      | Noticed shoop's ghost (amateur OgAM)
  2544 | D:3      | Found a radiant altar of Vehumet.
  2552 | D:3      | Became a worshipper of Vehumet
  3187 | D:4      | Found an ornate altar of the Wu Jian Council.
  3430 | D:4      | Found a broken altar of Ashenzari.
  3608 | D:4      | Found Gatwish's Goods Gallery.
  3777 | D:4      | Reached skill level 1 in Armour
  3777 | D:4      | Reached skill level 7 in Ice Magic
  3777 | D:4      | Reached XP level 6. HP: 30/32 MP: 3/9
  4054 | D:4      | Found a hazy altar of Hepliaklqana.
  4571 | D:5      | Entered Level 5 of the Dungeon
  4854 | D:5      | Reached XP level 7. HP: 36/36 MP: 6/10
  5231 | D:5      | Reached skill level 8 in Ice Magic
  5690 | D:5      | Reached * piety under Vehumet
  5690 | D:5      | Offered knowledge of Sandblast by Vehumet.
  5773 | D:5      | Reached skill level 5 in Armour
  5788 | D:5      | Reached XP level 8. HP: 36/41 MP: 11/11
  6184 | D:6      | Found a runed translucent gate.
  6184 | D:6      | Found a runed translucent gate.
  6184 | D:6      | Found a runed translucent gate.
  6190 | D:6      | Found an opulent altar of Gozag.
  6200 | D:6      | Noticed a cyclops
  6200 | D:6      | Noticed MisterAzrael's ghost (novice OgHu)
  6299 | D:6      | Found a runed translucent gate.
  6299 | D:6      | Found a runed translucent gate.
  6299 | D:6      | Found a runed translucent gate.
  6299 | D:6      | Noticed pigah's ghost (novice OpWn)
  6301 | D:6      | Found a basalt altar of Yredelemnul.
  6445 | D:6      | HP: 2/41 [phantom (3)]
  6539 | D:6      | Noticed Eustachio
  6576 | D:7      | You fall into a shaft and drop 1 floor!
  6589 | D:8      | Slain by an ufetubus

Illustrated notes

Levels and vault maps discovered:
D:1:      erik_arrival_cave_to_civilisation [erik_arrival_cave_to_hall],
          layout_loops_ring, nrook_campfire
D:2:      layout_rooms, uniq_jessica
D:3:      layout_loops_corners, vehumet_altar_wand_db,
          ebering_ecumenical_altar_mist, gammafunk_ghost_necromancy
D:4:      layout_basic, amcnicky_altar_gilded, nicolae_ashenzari_skybound,
          nicolae_hepliaklqana_monster_ancestors, kennysheep_cross_bottleneck,
          hangedman_decor_opposing, nicolae_alphabet_shops
D:5:      layout_basic, skrybe_limestone_x, kennysheep_nondescript,
          minmay_manual_mail
D:6:      layout_gridville, nicolae_yredelemnul_ghost_church,
          cheibrodos_sewer_entry_bend, ebering_ghost_gozag, sword_in_stone,
          uniq_grinder
D:7:      layout_loops_cross, tgw_fedhas, minmay_temple_entry_gardened_gates,
          uniq_harold, uniq_maggie, uniq_crazy_yiuf_cottage
D:8:      layout_loops_ring, nicolae_gozag_seed_capital, special_room
          [special_room_orc], serial_ice, serial_ice_a, serial_ice_f,
          serial_ice_k, serial_ice_n

Skill      XL: |  1  2  3  4  5  6  7  8 |
---------------+-------------------------+-----
Ice Magic      | 5 6 7 8 |  8.9
Armour         | 1 3 5 6 |  6.0
Dodging        | |  1.5
Stealth        | |  2.1
Spellcasting   | |  2.0

Action                   |  1- 3 |  4- 6 |  7- 9 || total
-------------------------+-------+-------+-------++-------
Melee: Unarmed           |     2 |       |       ||     2
       Dagger            |    13 |    96 |     7 ||   116
       Whip              |       |       |   121 ||   121
 Cast: Freeze            |    42 |    27 |     7 ||    76
       Frozen Ramparts   |       |    10 |    12 ||    22
  Use: Scroll            |       |     7 |     3 ||    10
       Potion            |       |       |     3 ||     3
 Stab: Sleeping          |     2 |       |     1 ||     3
Armor: Robe              |    22 |    57 |   100 ||   179
Dodge: Dodged            |    22 |    70 |    82 ||   174

Table legend: (Time is in decaauts)
 A = Elapsed time spent in this place.
 B = Non-inter-level travel time spent in this place.
 C = Inter-level travel time spent in this place.
 D = Time resting spent in this place.
 E = Time spent auto-exploring this place.
 F = Levels seen in this place.
 G = Mean time per level.
                   A        B        C        D        E       F      G
               +--------+--------+--------+--------+--------+-----+--------+
         Total |   6607 |   6464 |    143 |    641 |   4587 |   8 |  825.9 |
       Dungeon |   6607 |   6464 |    143 |    641 |   4587 |   8 |  825.9 |
               +--------+--------+--------+--------+--------+-----+--------+

Top non-repeatable levels by time:
     D:4: 1569 daAuts
     D:5: 1437 daAuts
     D:1: 1308 daAuts
     D:3: 1033 daAuts
     D:2: 837 daAuts
     D:6: 403 daAuts
     D:8: 12 daAuts
     D:7: 5 daAuts
